 Dungeon Crawl Stone Soup version 0.29.0-4-gdea44cf6ec (webtiles) character file.

Game seed: 9192912268207601449

368 qw the Ruffian (level 6, 0/51 HPs)
             Began as a Ghoul Fire Elementalist on Aug 29, 2022.
             Splashed by a jelly's acid (4 damage)
             ... on level 5 of the Dungeon.
             The game lasted 00:03:17 (4978 turns).

qw the Ruffian (Ghoul Fire Elementalist)            Turns: 4978, Time: 00:03:18

Health: 0/51       AC: -14   Str: 14    XL:     6   Next: 69%
Magic:  7/7        EV:  9    Int: 10    God:
Gold:   259        SH:  0    Dex: 15    Spells: 7/8 levels left

rFire   . . .      SeeInvis .     - Unarmed
rCold   + . .      Faith    .   (no shield)
rNeg    + + +      Spirit   .   g - +0 scale mail
rPois   inf        Reflect  .   i - +1 helmet
rElec   .          Harm     .   (no cloak)
rCorr   .          Rampage  .   (no gloves)
Will    .....                   f - +0 pair of boots
Stlth   +.........              (no amulet)
HPRegen 0.00/turn               d - +6 ring of dexterity
MPRegen 0.10/turn               (no ring)

@: corroded, inhibited regen
A: claws 1, cold resistance 1, negative energy resistance 3, inhibited
regeneration, torment resistance 2, devour on kill
a: no special abilities


You were on level 5 of the Dungeon.
You visited 1 branch of the dungeon, and saw 5 of its levels.

You collected 259 gold pieces.


Innate Abilities, Weirdness & Mutations

You are immune to poison.
You have sharp fingernails.
Your flesh is cold resistant. (rC+)
You are immune to negative energy. (rN+++)
You do not regenerate when monsters are visible.
You are immune to unholy pain and torment.
You thrive by killing the living.


   Skills:
 - Level 3.6 Fighting
 - Level 2.1 Armour
 - Level 1.7 Dodging
 - Level 2.1 Stealth
 + Level 5.2 Unarmed Combat
 - Level 1.7 Spellcasting
 - Level 0.7 Conjurations
 - Level 2.4 Fire Magic


You had 7 spell levels left.
You knew the following spells:

 Your Spells              Type           Power      Damage    Failure   Level
a - Foxfire               Conj/Fire      16%        2x1d4     56%         1

Your spell library contained the following spells:

 Spells                   Type           Power      Damage    Failure   Level
 Scorch                   Fire           10%        2d6       58%         2
 Conjure Flame            Conj/Fire      4%         6-21      91%         3
 Inner Flame              Hex/Fire       3%         N/A       94%         3
 Flame Wave               Conj/Fire      4%         2d5       100%        4

Inventory:

Armour
 f - a +0 pair of boots (worn)
 g - a +0 scale mail (worn)
 i - a +1 helmet (worn)
Jewellery
 d - a +6 ring of dexterity (left claw)
Scrolls
 b - 2 scrolls of identify
 c - a scroll of brand weapon
 e - 2 scrolls of magic mapping {unknown}
Potions
 a - a potion of might
 h - 2 potions of heal wounds {unknown}
 j - a potion of resistance
 k - a potion of attraction {unknown}

Dungeon Overview and Level Annotations

Branches:
Dungeon (5/15)
 Temple: D:4-7

Altars:
Hepliaklqana
Kikubaaqudgha
Sif Muna


Message History

The white imp is heavily wounded.
You scratch the white imp but do no damage.
The white imp is heavily wounded.
The white imp hits you but does no damage.
You scratch the white imp.
The white imp is almost dead.
The white imp gestures at you. The puff of frost misses you.
You barely miss the white imp. You claw the white imp.
You kill the white imp!
You now have 259 gold pieces (gained 11).
You see here 5 stones.
Found a potion of degeneration.
Enter note:
h - a cyan potion
h - 2 cyan potions (gained 1)
A jelly comes into view.
The jelly quivers.
The jelly jiggles.
You scratch the jelly. The acid corrodes you!
Your claws burn!
The jelly is moderately wounded.
The jelly barely misses you.
You scratch the jelly but do no damage. The acid corrodes you!
Your claws burn!
The jelly is moderately wounded.
The jelly hits you.
You are splashed with acid!
You scratch the jelly but do no damage. The acid corrodes you!
Your claws burn!
The jelly is moderately wounded.
The jelly barely misses you.
You scratch the jelly but do no damage.
Your claws burn!
The jelly is moderately wounded.
The jelly hits you. The acid corrodes you!
You are splashed with acid!
You scratch the jelly. The acid corrodes you!
Your claws burn!
You claw the jelly, but do no damage.
The jelly is heavily wounded.
The jelly closely misses you.
You scratch the jelly but do no damage. The acid corrodes you!
Your claws burn!
The jelly is heavily wounded.
The jelly hits you. The acid corrodes you!
You are splashed with acid!
You scratch the jelly but do no damage.
Your claws burn!
You die...

.......##..............#
#########.........!....#
#...........#...
#.##..........#.
#.#.#.......#.#
#.#..#....###.#
#.#...#.....# #
#####.....# #.@..##
#.J".#.# #....#..#
#....#...# #..... ####
##.... .#... #..#..


You could see a jelly.

Vanquished Creatures
  An ogre (D:4)
  A phantom (D:5)
  A gnoll bouda (D:4)
  An iguana (D:4)
  A mummy (D:4)
  2 gnolls (D:4)
  4 adders
  A shadow imp (D:5)
  A white imp (D:5)
  An ufetubus (D:4)
  A worm (D:2)
  3 dart slugs (D:4)
  8 bats
  4 endoplasms
  2 giant cockroaches
  8 goblins
  5 hobgoblins
  5 kobolds
  4 quokkas
  7 ball pythons
  2 frilled lizards
  4 rats
67 creatures vanquished.

Vanquished Creatures (others)
  A gnoll (D:5)
1 creature vanquished.

Grand Total: 68 creatures vanquished

Notes
Turn   | Place    | Note
-------+----------+-------------------------------------------
     0 | D:1      | qw the Ghoul Fire Elementalist began the quest for the Orb.
     0 | D:1      | Reached XP level 1. HP: 14/14 MP: 2/2
     0 | D:1      | 0 ||| qw: Version: 0.1-a-90-g952f4b7
     0 | D:1      | 0 ||| qw: Game counter: 3712
     0 | D:1      | 0 ||| qw: Always use a shield: true
     0 | D:1      | 0 ||| qw: God list: Okawaru
     0 | D:1      | 0 ||| qw: Allow faded altars: false
     0 | D:1      | 0 ||| qw: Do Orc after D:15 true
     0 | D:1      | 0 ||| qw: Do second Lair branch before Depths: true
     0 | D:1      | 0 ||| qw: Lair rune preference: random
     0 | D:1      | 0 ||| qw: Plans: Normal
     0 | D:1      | 0 ||| PLANNING D:1-11
    89 | D:1      | Reached skill level 1 in Unarmed Combat
   225 | D:1      | Reached skill level 1 in Fighting
   225 | D:1      | Reached XP level 2. HP: 23/23 MP: 3/3
   415 | D:1      | Found a faded altar of an unknown god.
   520 | D:1      | Reached skill level 2 in Unarmed Combat
   923 | D:1      | 923 ||| UPGRADING to +0 scale mail.
   933 | D:1      | 933 ||| DROPPING +0 robe.
   934 | D:1      | 934 ||| READING scroll labelled LAMIHO JINUAN.
   935 | D:1      | 935 ||| READING scroll labelled EWUTOW BUTY.
   936 | D:1      | 936 ||| READING scroll labelled ITREEGRAISH.
   937 | D:1      | 937 ||| READING scroll labelled CURURE NOARAN.
   938 | D:1      | 938 ||| DROPPING potion of magic.
   960 | D:2      | 960 ||| Stepping ~*~*~tactically~*~*~ (stealth).
   962 | D:2      | 962 ||| Stepping ~*~*~tactically~*~*~ (stealth).
   965 | D:2      | 965 ||| Stepping ~*~*~tactically~*~*~ (outnumbered).
   969 | D:2      | 969 ||| Stepping ~*~*~tactically~*~*~ (outnumbered).
   970 | D:2      | 970 ||| Stepping ~*~*~tactically~*~*~ (outnumbered).
   971 | D:2      | 971 ||| Stepping ~*~*~tactically~*~*~ (outnumbered).
   972 | D:2      | 972 ||| Stepping ~*~*~tactically~*~*~ (outnumbered).
   973 | D:2      | 973 ||| Stepping ~*~*~tactically~*~*~ (outnumbered).
   974 | D:2      | 974 ||| Stepping ~*~*~tactically~*~*~ (outnumbered).
   975 | D:2      | 975 ||| Stepping ~*~*~tactically~*~*~ (outnumbered).
   976 | D:2      | 976 ||| STAIRDANCE
   980 | D:1      | Reached XP level 3. HP: 13/28 MP: 4/4
  1148 | D:2      | 1148 ||| STAIRDANCE
  1569 | D:2      | Reached skill level 3 in Unarmed Combat
  1831 | D:2      | You fall into a shaft and drop 2 floors!
  1832 | D:4      | 1832 ||| PLANNING OSSUARY
  1844 | D:4      | 1844 ||| FLEEEEING.
  1852 | D:4      | 1852 ||| STAIRDANCE
  1901 | D:3      | 1901 ||| UPGRADING to +0 helmet.
  1906 | D:3      | 1906 ||| READING 4 scrolls labelled LIURYA KETAULA.
  1907 | D:3      | 1907 ||| DRINKING 2 lumpy puce potions.
  1908 | D:3      | 1908 ||| DRINKING 2 black potions.
  1909 | D:3      | 1909 ||| READING 3 scrolls of identify.
  1909 | D:3      | 1909 ||| IDENTIFYING amethyst potion
  1910 | D:3      | 1910 ||| READING 2 scrolls of identify.
  1910 | D:3      | 1910 ||| IDENTIFYING glowing cyan potion
  1911 | D:3      | 1911 ||| DROPPING potion of flight.
  1912 | D:3      | 1912 ||| DROPPING potion of degeneration.
  1913 | D:3      | 1913 ||| DROPPING potion of invisibility.
  2005 | D:4      | 2005 ||| Stepping ~*~*~tactically~*~*~ (hiding).
  2012 | D:4      | 2012 ||| Stepping ~*~*~tactically~*~*~ (outnumbered).
  2022 | D:4      | 2022 ||| Stepping ~*~*~tactically~*~*~ (outnumbered).
  2037 | D:4      | Reached XP level 4. HP: 18/35 MP: 5/5
  2159 | D:4      | Reached skill level 4 in Unarmed Combat
  2438 | D:4      | Noticed an ogre
  2444 | D:4      | 2444 ||| Stepping ~*~*~tactically~*~*~ (stealth).
  2445 | D:4      | 2445 ||| Stepping ~*~*~tactically~*~*~ (stealth).
  2452 | D:4      | HP: 1/35 [ogre/+0 giant club (9)]
  2453 | D:4      | Killed an ogre
  2454 | D:4      | Reached skill level 3 in Fighting
  2454 | D:4      | Reached XP level 5. HP: 3/45 MP: 6/6
  2456 | D:4      | 2456 ||| Stepping ~*~*~tactically~*~*~ (stealth).
  2457 | D:4      | 2457 ||| FLEEEEING.
  2458 | D:4      | 2458 ||| FLEEEEING.
  2459 | D:4      | 2459 ||| FLEEEEING.
  2460 | D:4      | 2460 ||| FLEEEEING.
  2461 | D:4      | 2461 ||| FLEEEEING.
  2464 | D:4      | 2464 ||| FLEEEEING.
  2465 | D:4      | 2465 ||| FLEEEEING.
  2466 | D:4      | 2466 ||| FLEEEEING.
  2467 | D:4      | 2467 ||| FLEEEEING.
  2468 | D:4      | 2468 ||| FLEEEEING.
  2469 | D:4      | 2469 ||| FLEEEEING.
  2470 | D:4      | 2470 ||| FLEEEEING.
  2471 | D:4      | 2471 ||| FLEEEEING.
  2472 | D:4      | 2472 ||| FLEEEEING.
  2473 | D:4      | 2473 ||| FLEEEEING.
  2474 | D:4      | 2474 ||| STAIRDANCE
  2745 | D:3      | 2745 ||| UPGRADING to +0 pair of boots.
  2750 | D:3      | 2750 ||| READING scroll labelled LOPTID IGGAGY.
  2851 | D:3      | 2851 ||| READING scroll labelled BEMNIRCH ZOEMU.
  2852 | D:3      | 2852 ||| READING scroll labelled PUFABE OCWYEFF.
  2853 | D:3      | 2853 ||| READING 2 scrolls of identify.
  2853 | D:3      | 2853 ||| IDENTIFYING fuming puce potion
  2854 | D:3      | 2854 ||| DROPPING potion of lignification.
  2856 | D:4      | 2856 ||| RIP OSSUARY
  2857 | D:4      | 2857 ||| PLANNING D:1-11
  2867 | D:4      | HP: 8/45 [iguana (6)]
  2873 | D:4      | HP: 2/45 [iguana (6)]
  2875 | D:4      | 2875 ||| STAIRDANCE
  3504 | D:3      | Found a shimmering blue altar of Sif Muna.
  3699 | D:3      | 3699 ||| UPGRADING to +6 ring of dexterity.
  3700 | D:3      | 3700 ||| READING 2 scrolls labelled RESUAPI LITRE.
  3704 | D:3      | 3704 ||| DRINKING 2 emerald potions.
  3749 | D:4      | 3749 ||| READING scroll of enchant armour.
  3749 | D:4      | 3749 ||| ENCHANTING +0 helmet.
  3873 | D:4      | 3873 ||| Stepping ~*~*~tactically~*~*~ (stealth).
  3875 | D:4      | 3875 ||| Stepping ~*~*~tactically~*~*~ (stealth).
  3931 | D:4      | 3931 ||| Stepping ~*~*~tactically~*~*~ (stealth).
  4034 | D:4      | 4034 ||| Stepping ~*~*~tactically~*~*~ (hiding).
  4043 | D:4      | Reached XP level 6. HP: 51/51 MP: 7/7
  4171 | D:4      | Reached skill level 5 in Unarmed Combat
  4355 | D:4      | Noticed a steam dragon
  4363 | D:4      | HP: 11/51 [steam dragon] (4)]
  4364 | D:4      | 4364 ||| READING scroll of teleportation.
  4702 | D:4      | 4702 ||| READING 2 scrolls of identify.
  4702 | D:4      | 4702 ||| IDENTIFYING yellow potion
  4703 | D:4      | 4703 ||| DROPPING potion of brilliance.
  4722 | D:5      | Entered Level 5 of the Dungeon
  4744 | D:5      | Found a hazy altar of Hepliaklqana.
  4836 | D:5      | Found an ancient bone altar of Kikubaaqudgha.
  4977 | D:5      | HP: 12/51 [jelly (1)]
  4977 | D:5      | HP: 4/51 [acid (8)]
  4978 | D:5      | Splashed by a jelly's acid

Levels and vault maps discovered:
D:1:      mrwooster_arrival_statue_2, layout_loops_ring, basic_ecumenical_altar
D:2:      layout_basic
D:3:      layout_rooms, gammafunk_temple_overflow_pools,
          hangedman_abyss_or_decor_stabs
D:4:      layout_rooms, gup_ossuary_entry_pyramid,
          nicolae_concentric_dashed_squares_mild
D:5:      minmay_opposing_rooms, layout_basic, mainiacjoe_overflow_24_doors,
          kiku_gazebo_pond_becter, lemuel_temple_firewalk_a,
          hangedman_decor_diamond_cutter, bh_walls_and_bars

Skill      XL: |  1  2  3  4  5  6 |
---------------+-------------------+-----
Unarmed Combat | 1 2 3 4 5 |  5.2
Fighting       | 1 3 |  3.6
Armour         | 2 |  2.1
Dodging        | |  1.7
Stealth        | |  2.1
Spellcasting   | |  1.7
Conjurations   | |  0.7
Fire Magic     | |  2.4

Action                   |  1- 3 |  4- 6 || total
-------------------------+-------+-------++-------
Melee: Unarmed           |   147 |   124 ||   271
       Punch             |     3 |     5 ||     8
Throw: Boomerang         |    24 |     9 ||    33
  Use: Scroll            |     7 |     8 ||    15
       Potion            |     2 |     1 ||     3
Armor: Robe              |     7 |       ||     7
       Scale mail        |    67 |    48 ||   115
Dodge: Dodged            |    89 |    61 ||   150

Table legend:
 A = Non-vault XP
 B = Vault XP
 C = Vault XP percentage of total XP
 D = Non-vault monster count
 E = Vault monster count
 F = Vault count percentage of total count
                 A         B        C        D         E       F
            +---------+---------+-------+---------+---------+-------
      Total |     508 |      18 |   3.4 |      66 |       1 |   1.5
            +---------+---------+-------+---------+---------+-------
        D:1 |      37 |       0 |   0.0 |      23 |       0 |   0.0
        D:2 |      24 |       0 |   0.0 |      13 |       0 |   0.0
        D:3 |       7 |       0 |   0.0 |       4 |       0 |   0.0
        D:4 |     305 |      18 |   5.6 |      22 |       1 |   4.3
        D:5 |     135 |       0 |   0.0 |       4 |       0 |   0.0
            +---------+---------+-------+---------+---------+-------
